 Dungeon Crawl Stone Soup version 0.27-a0-1256-gced786f65e (webtiles) character file.

Game seed: 976858718278052205

13566 mordus the Bludgeoner (level 11, 0/94 HPs)
             Began as a Troll Monk on June 10, 2021.
             Slain by a blink frog (1 damage)
             ... on level 2 of the Lair of Beasts.
             The game lasted 00:16:19 (10309 turns).

mordus the Bludgeoner (Troll Monk)                 Turns: 10309, Time: 00:16:19

Health: 0/94       AC: 10    Str: 30    XL:     11   Next: 77%
Magic:  10/10      EV: 10    Int:  6    God:
Gold:   777        SH:  0    Dex: 12    Spells: 10/10 levels left

rFire    . . .     SeeInvis .   j - +4 flail (protect)
rCold    . . .     Faith    .   (no shield)
rNeg     . . .     Spirit   .   n - +3 troll leather armour
rPois    +         Reflect  .   (helmet restricted)
rElec    .         Harm     .   r - +0 cloak {rPois}
rCorr    .         Rampage  .   (gloves unavailable)
Will     .....                  (boots unavailable)
Stlth    +.........             f - amulet of regeneration
HPRegen  3.25/turn              k - +6 ring of strength
MPRegen  0.12/turn              (no ring)

@: lethally poisoned (0 -> -2)
A: large, unfitting armour, claws 3, regeneration 1, shaggy fur 1, tough skin 1
a: no special abilities


You were on level 2 of the Lair of Beasts.
You visited 2 branches of the dungeon, and saw 13 of its levels.
You also visited: Ossuary.

You collected 777 gold pieces.

Inventory:

Hand Weapons
 a - a +0 mace
 j - a +4 flail of protection (weapon)
 m - a +1 flail of holy wrath
 O - a +0 giant spiked club
Missiles
 u - a throwing net (quivered)
 D - a curare-tipped dart
Armour
 b - a +0 robe
 n - a +3 troll leather armour (worn)
 r - a +0 cloak of poison resistance (worn)
 t - a +0 cloak
 N - +0 steam dragon scales
 P - the +5 robe "Cunot" {Rampage rF+++ rCorr Int-2}
   (You found it on level 1 of the Lair of Beasts)

   It affects your intelligence (-2).
   It renders you almost immune to fire.
   It protects you from acid and corrosion.
   It bestows one free step when moving towards enemies.
Jewellery
 f - an amulet of regeneration (around neck)
 g - an amulet of the acrobat
 k - a +6 ring of strength (left claw)
Wands
 p - a wand of digging (5)
 x - a wand of iceblast (13)
 y - a wand of acid (7)
Scrolls
 d - 3 scrolls of amnesia
 e - 7 scrolls of teleportation
 h - 12 scrolls of identify
 l - 3 scrolls of fog
 q - 4 scrolls of magic mapping
 B - a scroll of holy word
 J - 2 scrolls of blinking {unknown}
 L - a scroll of enchant weapon {unknown}
 M - 2 scrolls of silence {unknown}
 Q - a scroll of brand weapon {unknown}
Potions
 c - 4 potions of flight
 i - 3 potions of cancellation {unknown}
 o - 5 potions of brilliance {unknown}
 s - 3 potions of attraction {unknown}
 v - 2 potions of might {unknown}
 w - 3 potions of lignification {unknown}
 z - a potion of ambrosia {unknown}
 A - 4 potions of curing {unknown}
 C - 3 potions of haste
 E - 2 potions of mutation {unknown}
 F - 3 potions of heal wounds {unknown}
 G - a potion of resistance {unknown}
 H - 2 potions of invisibility {unknown}
 I - a potion of magic {unknown}
 K - a potion of degeneration {unknown}


   Skills:
 - Level 2.4 Fighting
 + Level 16.6 Maces & Flails
 - Level 2.4 Dodging
 - Level 1.0 Stealth


You had 10 spell levels left.
You didn't know any spells.
Your spell library contained the following spells:

 Spells                   Type           Power      Damage    Failure   Level
 Animate Skeleton         Necr           0%         N/A       50%         1
 Apportation              Tloc           0%         N/A       50%         1
 Corona                   Hex            0%         N/A       50%         1
 Summon Small Mammal      Summ           0%         N/A       50%         1
 Animate Armour           Summ/Erth      0%         N/A       99%         4
 Leda's Liquefaction      Hex/Erth       0%         N/A       99%         4
 Bolt of Magma            Conj/Fire/Erth 0%         4d4       100%        5
 Iron Shot                Conj/Erth      0%         9d1       100%        6
 Statue Form              Tmut/Erth      0%         N/A       100%        6
 Shatter                  Erth           0%         3d5*      100%        9


Dungeon Overview and Level Annotations

Branches:
Dungeon (11/15)            Temple (0/1) D:5            Lair (2/6) D:11
    Orc (0/2) D:10        Ossuary (visited)
  Swamp: Lair:2-4    Shoals: Lair:2-4     Snake: Lair:2-4    Spider: Lair:2-4

Altars:
Dithmenos
Gozag
Hepliaklqana

Shops:
D:5 [   D:7 [

Annotations:
D:6 3 runed translucent doors, Atlas's ghost, novice DsIE
D:7 1 runed translucent door, Vomitron's ghost, novice OpVM


Innate Abilities, Weirdness & Mutations

You are too large for most types of armour.
You have claws for hands.
Your natural rate of healing is unusually fast.
You are covered in fur. (AC +1)
You have tough skin. (AC +1)


Message History

The black mamba bites you but does no damage.
The blink frog hits you!
* * * LOW HITPOINT WARNING * * *
The blink frog blinks!
The black mamba bites you!
* * * LOW HITPOINT WARNING * * *
You are poisoned.
The black mamba poisons you!
You feel very sick. The water moccasin bites you.
* * * LOW HITPOINT WARNING * * *
The black mamba bites you but does no damage.
The blink frog hits you but does no damage.
The water moccasin completely misses you.
The black mamba completely misses you.
Found a gnarled jewelled staff.
You feel very sick.
The blink frog hits you but does no damage.
The water moccasin bites you but does no damage.
The blink frog blinks!
You feel very sick. The black mamba misses you.
The blink frog blinks!
You feel very sick.
The black mamba bites you but does no damage.
The blink frog hits you but does no damage.
Found a wand of iceblast (8).
You feel sick. The blink frog hits you.
* * * LOW HITPOINT WARNING * * *
The black mamba bites you.
* * * LOW HITPOINT WARNING * * *
You are lethally poisoned!
The black mamba poisons you!
* * * LOW HITPOINT WARNING * * *
You feel extremely sick.
The blink frog hits you but does no damage.
The black mamba closely misses you.
* * * LOW HITPOINT WARNING * * *
You feel very sick. The blink frog hits you.
You die...

## ..# #.#.# ##
#.##... ##.##.# ..##
## ### ##.##.##
#.###P#P..## .....#.##
..#..........
##P.##..###..#.#@#
.##..#.#...###SF####
.......##.###FSP...#
.##..........F......P#
.####P......#........#
## #P.##........|...#
# ##..###.##.......# #
#.## #####......P# #.#
##...#/.#


You could see a black mamba, 3 blink frogs and a water moccasin.

Vanquished Creatures
  A boulder beetle (D:11)
  A two-headed ogre (D:11)
  A black mamba (Lair:1)
  Maggie (D:10)
  A cane toad (Lair:1)
  3 rime drakes (Lair:1)
  3 komodo dragons
  4 hornets
  A troll (D:9)
  A meliai zombie (D:10)
  Sigmund (D:5)
  A wraith (D:11)
  9 yaks
  Eustachio (D:6)
  3 wyverns
  3 basilisks (Lair:1)
  Menkaure (D:6)
  Edmund (D:4)
  10 water moccasins
  An orc warrior (D:7)
  A necrophage (D:4)
  A sky beast (D:6)
  A hornet zombie (D:4)
  A black bear (Lair:1)
  6 wolves (Lair:2)
  10 centaurs
  2 phantoms
  2 bullfrogs (Lair:1)
  2 kobold brigands
  3 scorpions
  8 killer bees (D:10)
  8 wights (D:8)
  2 howler monkeys (D:8)
  3 centaur zombies
  8 hounds
  2 jellies
  10 orc priests
  Crazy Yiuf (D:5)
  A gnoll shaman (D:6)
  A bullfrog skeleton (D:7)
  Terence (D:2)
  2 iguanas
  7 orc wizards
  A hound skeleton (D:5)
  2 howler monkey zombies
  8 mummies (Ossuary)
  5 gnolls
  A howler monkey skeleton (D:7)
  6 adders
  2 white imps
  An ufetubus (D:4)
  An adder skeleton (D:4)
  A worm (D:3)
  A dart slug (D:2)
  42 orcs
  8 ball pythons
  7 endoplasms
  5 giant cockroaches
  8 goblins
  10 hobgoblins
  3 jackals (D:3)
  4 quokkas
  3 bats
  2 frilled lizards
  A gnoll zombie (Ossuary)
  16 kobolds
  4 kobold zombies (Ossuary)
  3 orc zombies (Ossuary)
  A rat (D:2)
277 creatures vanquished.

Vanquished Creatures (others)
  An orc wizard (D:8)
  An orc (D:8)
  3 fungi (Lair:1)
  2 plants (Lair:1)
7 creatures vanquished.

Grand Total: 284 creatures vanquished

Notes
Turn   | Place    | Note
-------+----------+-------------------------------------------
     0 | D:1      | mordus the Troll Monk began the quest for the Orb.
     0 | D:1      | Reached XP level 1. HP: 22/22 MP: 0/0
   139 | D:1      | Reached skill level 3 in Maces & Flails
   245 | D:1      | Reached XP level 2. HP: 28/29 MP: 1/1
   487 | D:1      | Found a faded altar of an unknown god.
   921 | D:2      | Reached XP level 3. HP: 33/36 MP: 2/2
   948 | D:2      | Reached skill level 4 in Maces & Flails
  1131 | D:2      | Reached XP level 4. HP: 44/44 MP: 3/3
  1188 | D:2      | Noticed Terence
  1210 | D:2      | Killed Terence
  1534 | D:2      | Found a hazy altar of Hepliaklqana.
  1785 | D:3      | Reached skill level 5 in Maces & Flails
  2061 | D:3      | Reached XP level 5. HP: 43/50 MP: 4/4
  2277 | D:4      | Noticed Edmund
  2322 | D:4      | Killed Edmund
  2323 | D:4      | Reached skill level 6 in Maces & Flails
  2372 | D:4      | Reached XP level 6. HP: 59/59 MP: 5/5
  2493 | D:4      | Reached skill level 7 in Maces & Flails
  2638 | D:4      | Reached XP level 7. HP: 64/66 MP: 6/6
  3121 | D:5      | Entered Level 5 of the Dungeon
  3121 | D:5      | Found Varpha's Armour Emporium.
  3131 | D:5      | Noticed Sigmund
  3139 | D:5      | Killed Sigmund
  3140 | D:5      | Reached skill level 8 in Maces & Flails
  3217 | D:5      | Found a staircase to the Ecumenical Temple.
  3408 | D:5      | Reached skill level 9 in Maces & Flails
  3408 | D:5      | Reached XP level 8. HP: 74/74 MP: 7/7
  3495 | D:5      | Found a runed translucent door.
  3496 | D:5      | Noticed Crazy Yiuf
  3728 | D:5      | Killed Crazy Yiuf
  3933 | D:6      | Found a runed translucent gate.
  3934 | D:6      | Found a runed translucent gate.
  3936 | D:6      | Found a runed translucent gate.
  3936 | D:6      | Found an opulent altar of Gozag.
  3937 | D:6      | Noticed a boulder beetle
  3938 | D:6      | Noticed Atlas's ghost (novice DsIE)
  3981 | D:6      | Reached skill level 10 in Maces & Flails
  4001 | D:6      | Noticed Menkaure
  4009 | D:6      | Killed Menkaure
  4158 | D:6      | Found a shadowy altar of Dithmenos.
  4361 | D:6      | Noticed Eustachio
  4368 | D:6      | Killed Eustachio
  4495 | D:6      | Found a sand-covered staircase.
  4515 | Ossuary  | Entered an ossuary
  4583 | Ossuary  | Reached skill level 11 in Maces & Flails
  4597 | Ossuary  | Reached XP level 9. HP: 74/80 MP: 8/8
  5173 | D:7      | Found a runed translucent door.
  5173 | D:7      | Noticed Vomitron's ghost (novice OpVM)
  5390 | D:7      | Found Vaok's Armour Shop.
  6318 | D:8      | Reached skill level 12 in Maces & Flails
  7090 | D:9      | Reached skill level 13 in Maces & Flails
  7094 | D:9      | Reached XP level 10. HP: 88/88 MP: 9/9
  7675 | D:10     | Entered Level 10 of the Dungeon
  7685 | D:10     | Noticed Maggie
  7697 | D:10     | Killed Maggie
  7833 | D:10     | Found a staircase to the Orcish Mines.
  7930 | D:10     | Reached skill level 14 in Maces & Flails
  8627 | D:11     | Noticed a boulder beetle
  8644 | D:11     | Killed a boulder beetle
  8645 | D:11     | Reached skill level 15 in Maces & Flails
  8645 | D:11     | Reached XP level 11. HP: 59/94 MP: 10/10
  8701 | D:11     | Found a staircase to the Lair.
  9212 | D:11     | Noticed a two-headed ogre
  9236 | D:11     | Killed a two-headed ogre
  9352 | Lair:1   | Entered Level 1 of the Lair of Beasts
  9524 | Lair:1   | Identified the +5 robe "Cunot" {Rampage rF+++ rCorr Int-2}
  9649 | Lair:1   | Reached skill level 16 in Maces & Flails
  9675 | Lair:1   | Identified the +0 pair of gloves of Kikubaaqudgha's Envy
                  | {rPois Dex+4}
 10010 | Lair:1   | Found a frozen archway.
 10308 | Lair:2   | HP: 3/94 [poisoned by a black mamba]
 10309 | Lair:2   | HP: 1/94 [poisoned by a black mamba]
 10309 | Lair:2   | Slain by a blink frog

Illustrated notes

Levels and vault maps discovered:
D:1:      scummos_arrival_gate, layout_basic,
          ebering_ecumenical_altar_sacrificial, hangedman_decor_riveting,
          patterned_corridor
D:2:      layout_basic, basic_altar, minmay_quantized, uniq_terence
D:3:      layout_rooms
D:4:      layout_basic, uniq_edmund
D:5:      layout_basic, minmay_temple_entry_crystal_x, serial_shops, shop,
          uniq_sigmund, uniq_crazy_yiuf_cottage
D:6:      layout_loops_corners, lemuel_crystal_altar, ebering_ghost_gozag,
          nicolae_ossuary_entry_monument, nicolae_wand_duel,
          hangedman_glass_teeth, uniq_eustachio, uniq_menkaure
D:7:      layout_gridville, serial_shops, shop, hellmonk_ghost_happy_afterlife,
          lightli_orcish_oven
D:8:      layout_cave_pods
D:9:      layout_roguey
D:10:     layout_basic, orc_0_dummy, dk_noncrumbling_3, st_stairs_3, uniq_maggie
D:11:     layout_loops_cross, lair_entry_dummy
Lair:1:   layout_roguey, portal_ice_cave_rime
Lair:2:   layout_loops_ring, beast_lair_carwin_11

Skill      XL: |  1  2  3  4  5  6  7  8  9 10 11 |
---------------+----------------------------------+-----
Maces & Flails | 3 4 5 6 7 9 11 13 15 16 | 16.6
Fighting       | |  2.4
Dodging        | |  2.4
Stealth        | |  1.0

Action                   |  1- 3 |  4- 6 |  7- 9 | 10-12 || total
-------------------------+-------+-------+-------+-------++-------
Melee: Mace              |    88 |   152 |       |       ||   240
       Flail             |       |    65 |   394 |   447 ||   906
  Use: Scroll            |       |     6 |     7 |       ||    13
 Stab: Sleeping          |     6 |     1 |     2 |       ||     9
Armor: Robe              |    28 |    11 |       |       ||    39
       Troll leather arm |       |    86 |   173 |   219 ||   478
Dodge: Dodged            |    50 |   113 |   179 |   188 ||   530

Table legend: (Time is in decaauts)
 A = Elapsed time spent in this place.
 B = Non-inter-level travel time spent in this place.
 C = Inter-level travel time spent in this place.
 D = Time resting spent in this place.
 E = Time spent auto-exploring this place.
 F = Levels seen in this place.
 G = Mean time per level.
                   A        B        C        D        E       F      G
               +--------+--------+--------+--------+--------+-----+--------+
         Total |  10180 |   9694 |    486 |    115 |   7512 |  14 |  727.1 |
       Dungeon |   8957 |   8483 |    474 |     15 |   6740 |  11 |  814.3 |
          Lair |    910 |    899 |     11 |      0 |    660 |   2 |  455.0 |
       Ossuary |    312 |    312 |      0 |    100 |    112 |   1 |  312.0 |
               +--------+--------+--------+--------+--------+-----+--------+

Top non-repeatable levels by time:
     D:6: 1065 daAuts
     D:7: 997 daAuts
     D:1: 915 daAuts
     D:4: 899 daAuts
    D:10: 874 daAuts
     D:8: 855 daAuts
     D:2: 818 daAuts
  Lair:1: 795 daAuts
    D:11: 746 daAuts
     D:5: 653 daAuts
     D:9: 598 daAuts
     D:3: 532 daAuts
 Ossuary: 312 daAuts
  Lair:2: 115 daAuts
